Map: Oxide LE

Players

LiquidClem (Clem)

  • Race: Terran Terran
  • League: Grandmaster
  • Spawn Location: 7:00

Lambo - Winner!

  • Race: Zerg Zerg
  • League: Grandmaster
  • Spawn Location: 1:00

VOD

Have the link to the VOD?

Description

Time

  • Played on: Jan. 3, 2021, 1:19 p.m.
  • Length: 11:45
Show
View Real Time Build Order
Export as new Build Order

LiquidClem Terran 

Build Orders: Reaper Expand 

Get SALT Encoding   

  12  0:00  SCV  
  13  0:12  SCV  
  14  0:16  Supply Depot  
  14  0:24  SCV  
  15  0:38  SCV  
  15  0:40  Barracks  
  16  0:43  Refinery  
  16  0:50  SCV  
  17  1:02  SCV  
  18  1:14  SCV  
  19  1:26  Reaper  
  19  1:27  Orbital Command  
  20  1:39  Command Center  
  20  1:49  Supply Depot  
  20  1:52  SCV  
  21  1:58  Marine  
  22  2:04  SCV  
  23  2:13  Factory  
  23  2:16  SCV  
  23  2:21  Barracks Reactor  
  24  2:28  SCV  
  25  2:39  Command Center  
  25  2:42  SCV  
  26  2:51  Orbital Command  
  26  2:54  SCV  
  27  2:59  Starport  
  27  3:00  Marine  
  27  3:03  Marine  
  29  3:06  SCV  
  29  3:08  Factory Tech Lab  
  29  3:14  Bunker  
  29  3:16  SCV  
  29  3:18  SCV  
  31  3:20  Marine  
  31  3:21  Marine  
  31  3:26  Refinery  
  33  3:28  SCV  
  33  3:31  SCV  
  35  3:38  Marine x2  
  35  3:40  SCV  
  38  3:44  Cyclone  
  38  3:45  SCV  
  42  3:51  Orbital Command  
  42  3:54  SCV  
  43  3:57  Marine x2  
  43  3:58  SCV  
  43  3:59  Supply Depot  
  43  4:01  Viking  
  48  4:07  SCV  
  49  4:10  SCV  
  49  4:11  Barracks  
  49  4:16  SCV  
  51  4:21  Barracks  
  51  4:23  Supply Depot, SCV  
  52  4:24  Factory Reactor  
  52  4:27  Marine  
  52  4:29  Stimpack  
  53  4:34  SCV  
  54  4:38  Starport Reactor  
  54  4:39  SCV  
  54  4:44  Refinery  
  54  4:45  Refinery  
  55  4:46  Supply Depot, SCV, Engineering Bay x2  
  55  4:47  Marine  
  55  4:50  SCV  
  58  5:00  Widow Mine  
  58  5:01  Widow Mine  
  58  5:02  Orbital Command  
  58  5:04  Supply Depot, SCV  
  58  5:06  SCV  
  64  5:10  Supply Depot  
  64  5:13  Missile Turret  
  64  5:15  Marine x2, Missile Turret  
  64  5:16  Marine  
  64  5:17  SCV  
  64  5:20  Starport Reactor  
  69  5:21  SCV  
  69  5:24  Widow Mine x2  
  69  5:26  Supply Depot  
  69  5:27  Marine x2  
  75  5:29  SCV  
  75  5:30  SCV  
  75  5:34  Terran Infantry Weapons Level 1  
  77  5:35  Terran Infantry Armor Level 1  
  77  5:38  SCV  
  77  5:40  Marine  
  79  5:44  Marine, Missile Turret  
  79  5:48  SCV  
  79  5:49  Barracks Reactor  
  81  5:50  Supply Depot  
  81  5:52  Marine, SCV x2  
  81  5:55  Medivac  
  81  5:56  Medivac  
  88  5:58  Supply Depot  
  88  6:00  SCV  
  88  6:03  Widow Mine x2, Marine  
  88  6:04  Marine, SCV  
  95  6:08  Supply Depot  
  95  6:09  SCV  
  95  6:11  Combat Shield  
  97  6:12  SCV  
  97  6:20  SCV  
  97  6:21  Barracks x2  
  97  6:22  SCV  
  97  6:24  Widow Mine, Marine  
  102  6:26  Marine  
  102  6:27  Marine  
  102  6:28  Marine  
  102  6:31  Supply Depot  
  102  6:32  Marine  
  105  6:36  SCV x2  
  105  6:39  Medivac  
  107  6:43  Supply Depot, Marine  
  107  6:44  Marine, SCV  
  107  6:46  Armory  
  110  6:48  SCV  
  110  6:51  Factory  
  110  6:54  Refinery, Marine x3  
  111  6:57  Supply Depot, SCV  
  111  6:58  SCV  
  111  7:00  Widow Mine  
  118  7:02  Widow Mine  
  118  7:03  Marine  
  118  7:04  SCV  
  118  7:07  Marine  
  123  7:09  SCV  
  123  7:11  Marine  
  123  7:14  Barracks Reactor  
  123  7:15  Barracks Reactor  
  121  7:16  Medivac x2  
  121  7:17  Marine x2  
  121  7:21  Widow Mine  
  129  7:23  Bunker, Marine  
  129  7:25  Marine  
  129  7:27  Widow Mine  
  133  7:32  Supply Depot  
  133  7:33  Terran Infantry Weapons Level 2  
  133  7:38  Terran Infantry Armor Level 2  
  133  7:39  Marine  
  133  7:43  Widow Mine  
  128  7:49  Marine x3, Factory Tech Lab  
  112  7:51  Widow Mine  
  112  7:52  Marine x2  
  112  7:56  Marine x2  
  112  7:59  Command Center  
  112  8:02  Medivac x2  
  112  8:03  Marine x2  
  118  8:06  Widow Mine  
  118  8:07  Marine  
  118  8:11  Widow Mine  
  123  8:14  Refinery  
  123  8:17  Marine x4  
  123  8:18  Marine x2  
  129  8:20  Widow Mine  
  129  8:21  Marine  
  132  8:27  Terran Vehicle And Ship Armor Level 1  
  132  8:28  Supply Depot, Marine  
  132  8:29  Marauder  
  129  8:35  Marine x2  
  129  8:41  Marine x2  
  122  8:43  Marine x2  
  122  8:44  Marine  
  122  8:46  Widow Mine, Marine  
  114  8:49  Marine  
  114  8:50  Widow Mine  
  114  8:53  Marine  
  113  8:56  SCV x2  
  113  8:58  Marine  
  113  9:00  Marine x2, SCV  
  104  9:03  Marine  
  104  9:04  Factory Tech Lab, Marine  
  104  9:06  Marine x2  
  104  9:07  Medivac, Marine  
  111  9:11  Command Center, Marine  
  111  9:16  Marine  
  113  9:18  Widow Mine x2, Marine x2  
  113  9:23  SCV  
  118  9:25  Widow Mine, Marine  
  118  9:26  Barracks, Marine  
  118  9:27  Barracks x2  
  122  9:32  Supply Depot  
  122  9:34  Supply Depot  
  122  9:35  Medivac  
  124  9:39  Marine x2  
  124  9:40  Marauder, Marine x2  
  124  9:41  Marine  
  124  9:45  Marine  
  131  9:46  Supply Depot  
  124  9:55  Thor  
  130  10:00  Marine  
  130  10:03  Marine x5  
  130  10:04  Marine  
  133  10:18  Barracks Tech Lab  
  133  10:19  Barracks Tech Lab x2  
  129  10:21  Medivac  
  129  10:23  Widow Mine  
  129  10:27  Widow Mine  
  131  10:33  Marine x3  
  131  10:34  Marine  
  109  10:37  SCV  
  94  10:44  Widow Mine  
  94  10:46  Medivac  
  93  10:51  Widow Mine  
  93  10:52  Marine  
  93  10:53  Marine  
  93  10:54  SCV  
  93  10:55  SCV  
  97  10:58  Orbital Command  
  97  11:04  Marine x2  
  95  11:06  SCV  
  95  11:08  SCV  
  96  11:13  Marine  
  96  11:15  Marine  
  96  11:16  Marine  
  98  11:20  Widow Mine  
  98  11:24  Marine x2  
  96  11:27  SCV x2  
  96  11:30  SCV  
Show
View Real Time Build Order
Export as new Build Order

Lambo Zerg - Winner!

Build Orders: Hatch First 

Get SALT Encoding   

  12  0:00  Drone  
  13  0:13  Overlord  
  13  0:18  Drone  
  14  0:31  Drone x2  
  16  0:47  Hatchery  
  15  0:51  Drone  
  15  0:55  Drone  
  17  0:58  Drone  
  18  1:10  Extractor  
  17  1:13  Spawning Pool  
  17  1:16  Drone  
  17  1:19  Drone  
  18  1:28  Drone  
  19  1:39  Drone  
  20  1:49  Overlord  
  20  1:59  Queen x2  
  20  2:00  Zergling x4  
  26  2:10  Drone  
  26  2:11  Drone  
  26  2:14  Metabolic Boost  
  28  2:21  Drone  
  29  2:26  Drone  
  30  2:33  Drone  
  31  2:37  Queen  
  31  2:38  Queen  
  31  2:39  Drone  
  36  2:45  Overlord  
  36  2:49  Overlord  
  36  3:03  Drone x2  
  36  3:04  Drone  
  39  3:08  Drone x5  
  39  3:10  Drone  
  45  3:13  Drone  
  46  3:25  Hatchery  
  45  3:30  Lair  
  45  3:32  Drone  
  45  3:33  Extractor  
  45  3:34  Drone  
  45  3:37  Drone  
  45  3:38  Drone  
  48  3:43  Drone  
  48  3:44  Drone  
  50  3:49  Baneling Nest  
  50  3:50  Overlord  
  50  3:52  Drone x2  
  50  3:55  Extractor  
  50  3:56  Drone x2, Extractor  
  50  3:59  Drone  
  52  4:05  Overlord  
  52  4:10  Drone  
  52  4:16  Drone x3  
  56  4:18  Queen  
  56  4:19  Drone  
  56  4:23  Drone  
  60  4:28  Overseer  
  60  4:29  Spire  
  59  4:31  Zergling x6  
  59  4:34  Drone x2  
  64  4:39  Drone x2  
  64  4:43  Drone  
  67  4:49  Overlord x2  
  67  4:50  Drone x3  
  70  4:53  Overlord  
  70  4:56  Overlord  
  70  5:00  Extractor x2  
  70  5:05  Overlord  
  68  5:07  Drone  
  68  5:08  Overlord  
  68  5:09  Overlord  
  68  5:10  Drone x2  
  68  5:13  Drone  
  72  5:16  Drone  
  72  5:17  Drone  
  72  5:18  Drone x2  
  76  5:23  Drone x5  
  81  5:40  Mutalisk x6  
  93  5:43  Zerg Flyer Weapons Level 1  
  93  5:44  Mutalisk  
  93  5:46  Mutalisk  
  97  5:51  Drone, Evolution Chamber  
  97  5:52  Evolution Chamber, Drone  
  97  5:54  Drone  
  97  5:55  Drone x2  
  97  5:56  Drone  
  101  5:59  Centrifugal Hooks  
  101  6:01  Drone  
  101  6:03  Drone  
  103  6:12  Zergling x2  
  103  6:13  Zergling x4  
  103  6:14  Hatchery  
  103  6:16  Overlord  
  105  6:21  Pneumatized Carapace  
  105  6:23  Zerg Ground Armor Level 1, Zerg Melee Weapons Level 1  
  105  6:26  Mutalisk  
  105  6:28  Zergling x6  
  108  6:39  Mutalisk x2  
  112  6:41  Zergling x2  
  112  6:42  Zergling x16  
  112  6:46  Zergling x8  
  112  6:47  Baneling x2  
  123  6:48  Baneling  
  123  6:55  Mutalisk x2  
  123  6:57  Overseer  
  123  6:58  Drone  
  123  7:00  Baneling x3  
  128  7:01  Zergling x2  
  128  7:07  Zergling x4  
  130  7:14  Zergling x2  
  130  7:15  Zergling x6  
  130  7:19  Baneling x5  
  128  7:24  Overlord, Drone x2  
  128  7:28  Overlord  
  130  7:31  Overlord  
  130  7:32  Drone x6  
  130  7:33  Extractor  
  130  7:37  Queen  
  135  7:39  Hatchery  
  135  7:43  Zergling x18  
  139  7:48  Zergling x4  
  124  7:51  Zergling x2  
  124  7:55  Zergling x2  
  120  7:59  Mutalisk x4  
  120  8:03  Baneling x7  
  120  8:04  Mutalisk x3, Overseer  
  134  8:07  Baneling x2  
  134  8:10  Zergling x8  
  138  8:21  Zergling x12  
  138  8:23  Baneling x11  
  138  8:24  Zergling x2  
  145  8:35  Zergling x12  
  144  8:41  Zergling x2  
  144  8:42  Zergling x8  
  144  8:45  Zergling x4  
  142  8:50  Zergling x12  
  144  8:56  Zergling x8  
  144  9:01  Mutalisk x3  
  144  9:03  Mutalisk  
  144  9:08  Drone x3  
  144  9:09  Zerg Ground Armor Level 2, Zerg Melee Weapons Level 2  
  148  9:16  Overlord  
  148  9:25  Mutalisk  
  148  9:26  Overlord  
  148  9:31  Zergling x2, Baneling x14  
  148  9:33  Queen  
  148  9:34  Overseer  
  148  9:35  Zergling x2  
  148  9:36  Zergling x10  
  148  9:37  Overlord, Extractor  
  156  9:39  Zergling x2, Baneling x4  
  156  9:43  Overlord  
  157  9:46  Zergling x2  
  157  9:47  Zergling x14  
  157  9:50  Baneling x8  
  165  9:54  Overlord  
  165  9:58  Zergling x8  
  169  10:05  Zergling x26  
  181  10:10  Baneling  
  181  10:11  Baneling x14  
  181  10:15  Zergling x16  
  181  10:16  Baneling x2  
  189  10:23  Zergling x2  
  185  10:31  Zergling x12  
  175  10:36  Zergling x12  
  175  10:41  Zergling x16  
  179  10:46  Zergling x4  
  173  10:55  Mutalisk  
  174  11:00  Mutalisk x2  
  173  11:08  Hatchery  
  173  11:10  Overlord x2  
  172  11:13  Baneling x17  
Tags
 
Add a new tag
Caveats
  • Supply blocks, unpowered buildings, or Contaminate may cause inaccurate times.
  • Supply counts are checked every 10 seconds.